 Dungeon Crawl Stone Soup version 0.20.1-1-g8b1a95d66d (webtiles) character file.

9559 Pixllover the Spear-Bearer (level 11, -3/97 HPs)
             Began as a Minotaur Berserker on Dec 26, 2017.
             Was a High Priest of Trog.
             Slain by a vampire (11 damage)
             ... on level 10 of the Dungeon.
             The game lasted 00:43:34 (12061 turns).

Pixllover the Spear-Bearer (Minotaur Berserker)    Turns: 12061, Time: 00:43:35

Health: -3/97      AC: 10    Str: 25    XL:     11   Next: 24%
Magic:  10/10      EV: 14    Int:  4    God:    Trog [*****.]
Gold:   378        SH:  0    Dex: 10    Spells: 10/10 levels left

rFire    . . .     SeeInvis .   m - +4 scythe (slice)
rCold    . . .     Gourm    .   (shield currently unavailable)
rNeg     . . .     Faith    .   h - +1 ring mail
rPois    +         Spirit   .   (helmet restricted)
rElec    .         Reflect  .   G - +0 cloak
rCorr    .         Harm     .   (no gloves)
MR       .....                  i - +0 pair of boots
Stlth    +.........             (no amulet)
Regen    0.3/turn               f - ring of poison resistance
MPRegen  0.2/turn               b - +1 ring of slaying

@: no status effects
A: retaliatory headbutt, horns 2, sense surroundings 1, poison resistance
a: Berserk, Trog's Hand, Brothers in Arms, Burn Spellbooks, Renounce Religion


You were on level 10 of the Dungeon.
You worshipped Trog.
Trog was extremely pleased with you.
You were not hungry.

You visited 2 branches of the dungeon, and saw 11 of its levels.

You collected 492 gold pieces.
You spent 114 gold pieces at shops.

Inventory:

Hand Weapons
 a - a +0 lajatang
 k - a +1 whip of electrocution
 m - a +4 scythe of slicing (weapon)
 u - a +4 quarterstaff of chaos
 y - a cursed +4 hand axe
Missiles
 D - 2 poisoned tomahawks (quivered)
Armour
 h - a +1 ring mail (worn)
 i - a +0 pair of boots (worn)
 l - a scarf of spirit shield
 G - a +0 cloak (worn)
Jewellery
 b - a +1 ring of slaying (right hand)
 f - a ring of poison resistance (left hand)
 z - an uncursed ring of resist corrosion
Scrolls
 d - a scroll of enchant armour
 g - 7 scrolls of remove curse
 o - a scroll of amnesia
 t - a scroll of teleportation
 v - 3 scrolls of blinking
 x - a scroll of recharging
 F - a scroll of enchant weapon {unknown}
 H - a scroll of fog {unknown}
Potions
 j - 2 potions of brilliance
 n - a potion of berserk rage {unknown}
 p - 2 potions of lignification
 w - a potion of agility
 A - 2 potions of haste {unknown}
 C - a potion of flight {unknown}
 E - a potion of heal wounds {unknown}
Comestibles
 c - 5 bread rations
 q - 6 meat rations
 r - 10 royal jellies
 s - a chunk of flesh
 B - 6 fruits


   Skills:
 + Level 9.6 Fighting
 + Level 6.2 Maces & Flails
 + Level 13.6 Polearms
 + Level 0.5(9.9) Staves
 + Level 0.8 Throwing
 + Level 9.4 Armour
 + Level 6.4 Dodging
 + Level 2.4 Stealth


You had 10 spell levels left.
You didn't know any spells.

Dungeon Overview and Level Annotations

Branches:
Dungeon (10/15)            Temple (1/1) D:7            Lair (0/6) D:10
    Orc (0/2) D:10

Altars:
Ashenzari
Cheibriados
Dithmenos
Elyvilon
Fedhas
Gozag
Hepliaklqana
Kikubaaqudgha
Makhleb
Nemelex Xobeh
Okawaru
Qazlal
Ru
Sif Muna
Trog
Uskayaw
Vehumet
Xom
Yredelemnul
Zin
The Shining One

Shops:
D:6 *


Innate Abilities, Weirdness & Mutations

You reflexively headbutt those who attack you in melee.
You have a pair of horns on your head.
You passively map a small area around you.
Your system is resistant to poisons. (rPois)


Message History

* * * LOW HITPOINT WARNING * * *
Something draws strength from your injuries!
You feel better. Something hits you.
* * * LOW HITPOINT WARNING * * *
Something bites you!
* * * LOW HITPOINT WARNING * * *
Something draws strength from your injuries!
You closely miss something. Something hits you but does no damage.
Something bites you.
* * * LOW HITPOINT WARNING * * *
Something draws strength from your injuries!
Something hits you.
* * * LOW HITPOINT WARNING * * *
Something bites you.
* * * LOW HITPOINT WARNING * * *
Something draws strength from your injuries!
You miss something. Something hits you but does no damage.
Something bites you but does no damage.
You hit something. Something hits you!
You die...

##.....# #........## ##..
###.....## #.........##########..
.........###.....................
..........##.....................
.....###...#.........#########...
.....#####..........####### #....
..##..# ##.........###...###...#
..##..# #.........##.....#...##
.###..## ##....@...#.....##..##
.# ##..# ##....{.........#..## .#
#..## #....#.........#..##
.####...###.<......#........#
...##...##........###......##
....#.............# ##......#
..........##.....## ##.....#####
.......######...## ##.......##.
........## ##..# ##...###.....


There were no monsters in sight!

Vanquished Creatures
  Erolcha (D:10)
  Joseph (D:9)
  An elephant (D:10)
  A merfolk (D:9)
  2 trolls (D:9)
  A meliai (D:10)
  A queen bee (D:9)
  2 hippogriffs
  Sigmund (D:4)
  4 yaks (D:10)
  A basilisk (D:10)
  Menkaure (D:7)
  The ghost of NixNut the Shield-Bearer, an amateur GrFi of Cheibriados (D:3)
  3 orc warriors
  A phantom (D:9)
  6 ice beasts
  2 sky beasts
  5 black bears
  2 centaurs
  4 ogres
  3 crocodiles
  A big kobold (D:7)
  7 bullfrogs
  3 scorpions
  A water moccasin skeleton (D:9)
  19 killer bees (D:9)
  3 wights
  5 howler monkeys
  8 crimson imps
  A centaur zombie (D:7)
  A quasit (D:6)
  Crazy Yiuf (D:7)
  2 jellies (D:10)
  3 orc priests
  7 hounds
  6 orc wizards
  A centaur skeleton (D:7)
  5 iguanas
  10 worker ants
  A hound zombie (D:6)
  4 hound skeletons
  4 adders
  6 gnolls
  2 shadow imps
  4 worms
  7 dart slugs
  3 leopard geckos
  21 orcs
  A ball python (D:3)
  3 giant cockroaches
  11 hobgoblins
  15 jackals
  2 quokkas
  7 bats
  6 frilled lizards
  14 goblins
  14 kobolds
  7 rats
  3 plants (D:7)
263 creatures vanquished.

Notes
Turn   | Place    | Note
-------+----------+-------------------------------------------
     0 | D:1      | Pixllover the Minotaur Berserker began the quest for the Orb.
     0 | D:1      | Reached XP level 1. HP: 19/19 MP: 0/0
   327 | D:1      | Reached XP level 2. HP: 15/27 MP: 1/1
   895 | D:1      | Reached XP level 3. HP: 30/33 MP: 2/2
  1107 | D:2      | Reached ** piety under Trog
  1640 | D:2      | Reached XP level 4. HP: 41/41 MP: 3/3
  2447 | D:3      | Noticed NixNut's ghost (amateur GrFi)
  2459 | D:3      | Killed NixNut's ghost
  2459 | D:3      | Reached skill level 5 in Maces & Flails
  2459 | D:3      | Reached XP level 5. HP: 23/47 MP: 1/4
  2494 | D:3      | Reached *** piety under Trog
  3055 | D:4      | Reached skill level 5 in Fighting
  3060 | D:4      | Noticed Sigmund
  3080 | D:4      | Killed Sigmund
  3080 | D:4      | Reached XP level 6. HP: 30/56 MP: 1/5
  3385 | D:4      | Reached skill level 1 in Stealth
  3445 | D:4      | Found a shimmering altar of Xom.
  3564 | D:4      | Reached skill level 5 in Armour
  3657 | D:4      | Reached skill level 1 in Polearms
  3657 | D:4      | Reached XP level 7. HP: 60/61 MP: 6/6
  4041 | D:5      | Entered Level 5 of the Dungeon
  4274 | D:5      | Reached skill level 2 in Polearms
  4731 | D:6      | Reached skill level 3 in Polearms
  4748 | D:6      | Reached skill level 4 in Polearms
  4977 | D:6      | Reached XP level 8. HP: 70/70 MP: 7/7
  5033 | D:6      | Gained mutation: You passively map a small area around you. [mutagenic meat]
  5034 | D:6      | Gained mutation: Your system is resistant to poisons. (rPois) [mutagenic meat]
  5045 | D:6      | Reached skill level 5 in Polearms
  5494 | D:6      | Found Ciela's General Store.
  5502 | D:6      | Bought a royal jelly for 24 gold pieces
  5502 | D:6      | Bought a scroll of blinking for 90 gold pieces
  5677 | D:6      | Reached skill level 6 in Polearms
  5797 | D:7      | Noticed Menkaure
  5802 | D:7      | Killed Menkaure
  5863 | D:7      | Reached skill level 7 in Polearms
  5872 | D:7      | Reached **** piety under Trog
  6126 | D:7      | Found a white marble altar of Elyvilon.
  6167 | D:7      | Found a staircase to the Ecumenical Temple.
  6192 | Temple   | Entered the Ecumenical Temple
  6577 | D:7      | Reached XP level 9. HP: 65/78 MP: 6/8
  6624 | D:7      | Reached skill level 8 in Polearms
  7105 | D:7      | Found a runed door.
  7110 | D:7      | Noticed Crazy Yiuf
  7112 | D:7      | Killed Crazy Yiuf
  7373 | D:8      | Reached skill level 9 in Polearms
  7693 | D:8      | Reached skill level 10 in Polearms
  8134 | D:8      | You fall through a shaft for 2 floors!
  8134 | D:10     | Entered Level 10 of the Dungeon
  8220 | D:9      | Noticed a troll
  8227 | D:9      | Killed a troll
  8227 | D:9      | Reached skill level 11 in Polearms
  8497 | D:9      | Noticed a troll
  8506 | D:9      | Reached XP level 10. HP: 88/88 MP: 9/9
  8673 | D:9      | Reached skill level 5 in Dodging
  8772 | D:9      | Reached ***** piety under Trog
  8938 | D:9      | Reached skill level 12 in Polearms
  9321 | D:9      | Found a shattered altar of Ashenzari.
  9567 | D:9      | Noticed Joseph
  9580 | D:9      | Killed Joseph
  9580 | D:9      | Received a gift from Trog
 10466 | D:10     | Reached skill level 13 in Polearms
 10927 | D:10     | Noticed Erolcha
 10934 | D:10     | Killed Erolcha
 10934 | D:10     | Reached XP level 11. HP: 97/97 MP: 10/10
 10939 | D:10     | Received a gift from Trog
 10992 | D:10     | Found a staircase to the Lair.
 11204 | D:10     | Found a staircase to the Orcish Mines.
 12061 | D:10     | Slain by a vampire

Skill      XL: |  1  2  3  4  5  6  7  8  9 10 |
---------------+-------------------------------+-----
Maces & Flails | 4 5 6 |  6.2
Fighting       | 4 5 6 7 9 |  9.6
Armour         | 3 4 5 6 7 8 9 |  9.4
Dodging        | 3 4 6 |  6.4
Stealth        | 1 2 |  2.4
Polearms       | 1 4 7 11 13 | 13.6
Staves         | |  0.5
Throwing       | |  0.8

Action                   |  1- 3 |  4- 6 |  7- 9 | 10-12 || total
-------------------------+-------+-------+-------+-------++-------
Melee: Mace              |    94 |    33 |       |       ||   127
       Headbutt          |    13 |    20 |    40 |    39 ||   112
       Hand axe          |     4 |       |       |       ||     4
       Whip              |       |    39 |       |       ||    39
       Scythe            |       |    15 |   202 |   222 ||   439
       Lajatang          |       |       |     3 |       ||     3
Throw: Tomahawk          |       |       |       |     6 ||     6
Invok: Berserk           |     1 |     2 |       |     2 ||     5
       Burn Spellbooks   |       |       |     1 |       ||     1
  Use: Scroll            |     3 |       |    12 |       ||    15
       Potion            |       |     3 |     1 |     2 ||     6
  Eat: Chunk             |     1 |     1 |    11 |     7 ||    20
       Bread ration      |     1 |     1 |     2 |       ||     4
       Fruit             |       |       |     1 |     1 ||     2
       Royal jelly       |       |       |       |     2 ||     2
Armor: Animal skin       |    16 |       |       |       ||    16
       Ring mail         |     7 |    33 |    88 |   110 ||   238
       Leather armour    |     1 |       |       |       ||     1
Dodge: Dodged            |    67 |    58 |   173 |   217 ||   515
